 Dungeon Crawl Stone Soup version 0.23.1 (webtiles) character file.

Game seed: 0

64231 dvd the Severer (level 14, -1/133 HPs)
             Began as a Deep Dwarf Monk on Mar 2, 2019.
             Was the Champion of Makhleb.
             Slain by an orc warrior
             ... wielding a +0 dire flail
              (22 damage)
             ... on level 2 of the Orcish Mines.
             The game lasted 00:53:57 (15828 turns).

dvd the Severer (Deep Dwarf Monk)                  Turns: 15828, Time: 00:53:58

Health: -1/133     AC: 13    Str: 25    XL:     14   Next: 71%
Magic:  34/34 (16) EV: 20    Int: 13    God:    Makhleb [******]
Gold:   1866       SH: 26    Dex: 22    Spells: 13/13 levels left

rFire    + . .     SeeInvis .   a - +5 war axe (freeze)
rCold    + . .     Gourm    .   Q - +6 large shield of Wu Jian's Whim {rCorr Dex+2}
rNeg     + + +     Faith    .   w - +3 robe of Clouds {+Thunder rCloud rElec}
rPois    .         Spirit   .   v - +0 hat of Icwiluam {rN+ MR+ Regen+}
rElec    +         Reflect  .   X - +2 cloak {rF+}
rCorr    +         Harm     .   Y - +2 pair of gloves
MR       +++..                  n - +0 pair of boots
Stlth    +++++.....             (no amulet)
HPRegen  0.00/turn              u - ring "Ucikhliawo" {*Contam rN+++ MP+9 Int+2 Dex+4}
MPRegen  0.24/turn              z - ring "Fioki" {Wiz *Contam rC+ MP+9 Str+4}

@: non-regenerating
A: damage resistance, heal wounds, mutation resistance 1, negative energy
resistance 1, sense surroundings 2, strong 1, no regeneration
a: Heal Wounds, Minor Destruction, Lesser Servant of Makhleb, Major Destruction,
Greater Servant of Makhleb, Renounce Religion, Evoke Thunderclouds


You were on level 2 of the Orcish Mines.
You worshipped Makhleb.
Makhleb was exalted by your worship.
You were not hungry.

You visited 4 branches of the dungeon, and saw 19 of its levels.
You also visited: Volcano.

You collected 1866 gold pieces.

Inventory:

Hand Weapons
 a - a +5 war axe of freezing (weapon)
 e - a +0 mace of holy wrath
 m - a +2 dagger of venom
 r - a +0 short sword of protection
 B - a +2 short sword of flaming
 R - a +1 vampiric hand axe
 S - a +1 hand axe of flaming
 V - a +2 quick blade of flaming
Missiles
 F - 17 tomahawks
 P - 12 javelins (quivered)
Armour
 n - a +0 pair of boots (worn)
 v - the +0 hat of Icwiluam (worn) {rN+ MR+ Regen+}
   (You found it on level 7 of the Dungeon)

   It protects you from negative energy.
   It affects your resistance to hostile enchantments.
   It increases your rate of regeneration.
 w - the +3 robe of Clouds (worn) {+Thunder rCloud rElec}
   (You found it on level 7 of the Dungeon)

   It insulates you from electricity.
 H - a +2 plate armour of fire resistance
 K - a +2 ring mail of cold resistance
 Q - the +6 large shield of Wu Jian's Whim (worn) {rCorr Dex+2}
   (You acquired it on level 1 of the Lair of Beasts)

   It affects your dexterity (+2).
   It provides partial protection from all sources of acid and corrosion.
 W - +0 steam dragon scales
 X - a +2 cloak of fire resistance (worn)
 Y - a +2 pair of gloves (worn)
Magical Staves
 i - an uncursed staff of energy
 T - an uncursed staff of summoning
Jewellery
 g - a +6 ring of dexterity
 s - the ring of Phasing {EV+8}
   (You found it on level 7 of the Dungeon)

   [ring of evasion]

   It affects your evasion (+8).
 u - the ring "Ucikhliawo" (left hand) {*Contam rN+++ MP+9 Int+2 Dex+4}
   (You found it on level 7 of the Dungeon)

   [ring of dexterity]

   It affects your intelligence (+2).
   It affects your dexterity (+4).
   It renders you almost immune to negative energy.
   It affects your magic capacity (+9).
   It causes magical contamination when unequipped.
 z - the ring "Fioki" (right hand) {Wiz *Contam rC+ MP+9 Str+4}
   (You found it on level 6 of the Lair of Beasts)

   [ring of wizardry]

   It improves your spell success rate.
   It affects your strength (+4).
   It protects you from cold.
   It affects your magic capacity (+9).
   It causes magical contamination when unequipped.
Wands
 b - a wand of random effects (41)
 f - a wand of polymorph (4)
 D - a wand of digging (8)
 E - a wand of flame (15)
 N - a wand of disintegration (10)
 U - a wand of paralysis (6)
Scrolls
 k - 17 scrolls of identify
 l - 2 scrolls of fear
 q - a scroll of summoning {unknown}
 y - a scroll of magic mapping
 A - 6 scrolls of remove curse
 G - 5 scrolls of teleportation
 I - 2 scrolls of amnesia
 L - 3 scrolls of noise {unknown}
 O - 2 scrolls of random uselessness {unknown}
Potions
 d - 2 potions of brilliance
 h - 2 potions of invisibility
 j - 2 potions of flight
 o - 2 potions of lignification
 t - 2 potions of agility
 C - 3 potions of curing
 J - a potion of cancellation
Miscellaneous
 M - a crystal ball of energy
Comestibles
 c - 42 rations
 x - 14 chunks of flesh


   Skills:
 + Level 10.3 Fighting
 + Level 16.7 Axes
 + Level 2.9 Throwing
 + Level 4.5 Armour
 + Level 11.5 Dodging
 + Level 9.2 Stealth
 + Level 12.8 Shields
 + Level 4.0 Invocations
 + Level 1.0 Evocations


You had 13 spell levels left.
You didn't know any spells.
Your spell library contained the following spells:

 Spells                   Type           Power        Failure   Level  Hunger
 Beastly Appendage        Tmut           #.....       50%         1    ##.....
 Confusing Touch          Hex            #.....       50%         1    ##.....
 Corona                   Hex            #......      50%         1    ##.....
 Pain                     Necr           #...         50%         1    ##.....
 Sandblast                Erth           #.....       50%         1    ##.....
 Shock                    Conj/Air       #...         50%         1    ##.....
 Sting                    Conj/Pois      #...         50%         1    ##.....
 Ensorcelled Hibernation  Hex/Ice        #.....       63%         2    ###....
 Passwall                 Tmut/Erth      #.......     63%         2    ###....
 Poisonous Vapours        Pois/Air       #.....       63%         2    ###....
 Sticks to Snakes         Tmut           #.......     63%         2    ###....
 Swiftness                Chrm/Air       #.......     63%         2    ###....
 Confuse                  Hex            #.......     85%         3    ####...
 Dazzling Spray           Conj/Hex       #.....       85%         3    ####...
 Gell's Gravitas          Tloc           #.........   85%         3    ####...
 Mephitic Cloud           Conj/Pois/Air  #.......     85%         3    ####...
 Spider Form              Tmut/Pois      #.........   85%         3    ####...
 Static Discharge         Conj/Air       #.......     85%         3    ####...
 Stone Arrow              Conj/Erth      #.....       85%         3    ####...
 Tukima's Dance           Hex            #.......     85%         3    ####...
 Airstrike                Air            #.........   99%         4    #####..
 Ice Form                 Ice/Tmut       #.......     99%         4    #####..
 Leda's Liquefaction      Hex/Erth       #.........   99%         4    #####..
 Olgreb's Toxic Radiance  Pois           #.......     99%         4    #####..
 Petrify                  Tmut/Erth      #.......     99%         4    #####..
 Blade Hands              Tmut           #.........   100%        5    ######.
 Borgnjor's Vile Clutch   Necr/Erth      #.........   100%        5    ######.
 Lee's Rapid Deconstruct  Erth           #.........   100%        5    ######.
 Lightning Bolt           Conj/Air       #.........   100%        5    ######.
 Metabolic Englaciation   Hex/Ice        #.........   100%        5    ######.
 Silence                  Hex/Air        #.........   100%        5    ######.
 Venom Bolt               Conj/Pois      #.........   100%        5    ######.
 Yara's Violent Unravell  Hex/Tmut       #.........   100%        5    ######.
 Darkness                 Hex            #.........   100%        6    #######
 Shadow Creatures         Summ           N/A          100%        6    #######
 Statue Form              Tmut/Erth      #........    100%        6    #######


Dungeon Overview and Level Annotations

Branches:
Dungeon (10/15)            Temple (1/1) D:5            Lair (6/6) D:9
 Shoals (0/4) Lair:4        Snake (0/4) Lair:2        Slime (0/5) Lair:6
    Orc (2/2) D:10
    Elf: Orc:2

Altars:
Ashenzari
Cheibriados
Dithmenos
Elyvilon
Fedhas
Gozag
Hepliaklqana
Kikubaaqudgha
Makhleb
Nemelex Xobeh
Okawaru
Qazlal
Ru
Sif Muna
Trog
Uskayaw
Vehumet
Wu Jian
Xom
Yredelemnul
Zin
The Shining One
Jiyva


Innate Abilities, Weirdness & Mutations

You are resistant to damage.
You can heal yourself by infusing magical energy.
You resist negative energy. (rN+)
You passively map the area around you.
You do not regenerate.
You are somewhat resistant to further mutation.
Your muscles are strong. (Str +2)


Message History

You barely miss the orc warrior. x2; You hit the sun demon.
You freeze the sun demon. You slash the smoke demon!
You freeze the smoke demon.
You kill the smoke demon!
You block the orc warrior's attack. The orc priest closely misses you.
The orc warrior closely misses you. You block the orc warrior's attack.
You block the sun demon's attack.
The orc high priest calls down the wrath of Beogh upon you.
Beogh smites you!
* * * LOW HITPOINT WARNING * * *
Unknown command.
You feel much better. You block the orc warrior's attack.
The orc high priest prays to Beogh.
You block the orc warrior's attack. The sun demon hits you!!
* * * LOW HITPOINT WARNING * * *
You are engulfed in flames!
You resist.
* * * LOW HITPOINT WARNING * * *
You block the orc warrior's attack.
The orc warrior hits you with a +0 dire flail!!
You die...

..####., * ,
,, .##.#...*
#.. #...#... *
##...... #...
.....oo..
#......#
...,#...#.o..
....#..##
*#...oo......#
#.......#
#..3#o.o#...#
##.....##
#..ooooo..#
..##....##
#..#ooo#..#
.........#
#.o@3o..#
.........#
###.#)###
.........#
#.)o).#
.........#
###.#(###
.#..#.#..#
#.......##
#.##.....#
#..#...#..#
...##...##
#.........##
...#.....#
#...#...#...#
.........#
#...........##


You could see an orc knight, 3 orc high priests, a sun demon, a ynoxinul, 9 orc
warriors and 4 orc priests.

Vanquished Creatures
  A fire dragon (Volcano)
  3 hydras
  A two-headed ogre (D:9)
  14 death yaks
  2 orc high priests (Orc:2)
  4 orc knights (Orc:2)
  An orc sorcerer (D:10)
  A manticore (D:10)
  2 oklob plants (Lair:2)
  3 salamanders (Volcano)
  12 elephants
  8 black mambas
  The ghost of Jaiteiro the Reanimator, a novice DDNe (D:5)
  10 spiny frogs
  4 rime drakes
  5 komodo dragons
  3 meliai (Lair:5)
  A queen bee (Lair:5)
  2 polar bears (Lair:6)
  A troll (D:9)
  3 hornets (Lair:6)
  19 blink frogs
  15 dream sheep
  11 hippogriffs
  A snapping turtle (Lair:4)
  A shadow (D:7)
  16 spriggans (Lair:6)
  12 wyverns
  11 yaks
  7 fire bats (Volcano)
  4 hungry ghosts
  4 basilisks
  2 steam dragons
  2 vampire mosquitoes (D:7)
  A soldier ant (D:10)
  14 water moccasins
  14 porcupines
  A hornet zombie (D:6)
  17 orc warriors
  An ice beast (D:8)
  4 sky beasts
  3 black bears (Lair:6)
  A phantom (D:10)
  14 ogres
  4 boggarts (Lair:6)
  2 centaurs
  28 wolves
  14 crocodiles
  A big kobold (D:7)
  10 bullfrogs
  A gnoll sergeant (D:7)
  A wyvern skeleton (D:7)
  4 scorpions
  A troll zombie (D:10)
  28 killer bees (Lair:5)
  3 electric eels
  8 wights
  4 howler monkeys
  2 crimson imps (D:7)
  3 bullfrog zombies
  2 bullfrog skeletons (D:4)
  A centaur zombie (D:7)
  5 jellies
  3 hounds
  11 orc wizards
  20 orc priests
  5 hell rats (Lair:5)
  5 iguanas
  8 worker ants
  5 ogre zombies (D:10)
  A worker ant zombie (D:7)
  A howler monkey zombie (D:9)
  A howler monkey skeleton (D:4)
  24 adders
  8 river rats
  A hound simulacrum (D:7)
  A shadow imp (D:5)
  6 oozes
  3 adder skeletons
  An adder zombie (D:7)
  2 worms (D:2)
  2 dart slugs
  6 leopard geckos
  95 orcs
  7 bats
  7 giant cockroaches
  6 goblins
  7 hobgoblins
  6 jackals
  3 quokkas
  4 ball pythons
  6 frilled lizards
  2 goblin zombies (D:10)
  A hobgoblin skeleton (D:10)
  3 hobgoblin zombies (D:10)
  4 kobolds
  13 orc zombies (D:10)
  13 rats
  2 fungi (Lair:3)
  4 plants
676 creatures vanquished.

Vanquished Creatures (others)
  3 fungi
  8 plants
11 creatures vanquished.

Grand Total: 687 creatures vanquished

Notes
Turn   | Place    | Note
-------+----------+-------------------------------------------
     0 | D:1      | dvd the Deep Dwarf Monk began the quest for the Orb.
     0 | D:1      | Reached XP level 1. HP: 20/20 MP: 1/1
   134 | D:1      | Reached XP level 2. HP: 21/27 MP: 2/2
   813 | D:2      | Reached XP level 3. HP: 16/33 MP: 3/3
   927 | D:2      | Reached skill level 4 in Axes
  1741 | D:3      | Reached XP level 4. HP: 41/42 MP: 4/4
  2104 | D:3      | You fall through a shaft!
  2751 | D:4      | Reached skill level 5 in Axes
  2751 | D:4      | Reached skill level 1 in Armour
  2751 | D:4      | Reached XP level 5. HP: 23/49 MP: 5/5
  3018 | D:4      | Noticed an ogre
  3026 | D:4      | Killed an ogre
  3026 | D:4      | Reached XP level 6. HP: 45/56 MP: 6/6
  3158 | D:4      | Reached skill level 6 in Axes
  3581 | D:4      | Reached XP level 7. HP: 38/62 MP: 7/7
  3650 | D:5      | Entered Level 5 of the Dungeon
  3675 | D:5      | Found a runed translucent door.
  3675 | D:5      | Noticed Jaiteiro's ghost (novice DDNe)
  3697 | D:5      | Found a sacrificial altar of Ru.
  3697 | D:5      | Found an iron altar of Okawaru.
  3821 | D:5      | Reached skill level 5 in Stealth
  3951 | D:5      | Found a staircase to the Ecumenical Temple.
  3969 | Temple   | Entered the Ecumenical Temple
  4024 | Temple   | Became a worshipper of Makhleb the Destroyer
  4024 | Temple   | Reached * piety under Makhleb
  4024 | Temple   | Reached ** piety under Makhleb
  4246 | D:5      | Found a runed translucent door.
  4473 | D:6      | Reached skill level 7 in Axes
  4575 | D:6      | Reached XP level 8. HP: 18/72 MP: 8/8
  5080 | D:7      | Reached skill level 8 in Axes
  5080 | D:7      | Reached skill level 5 in Dodging
  5312 | D:7      | Found a stormy altar of Qazlal.
  5317 | D:7      | Reached *** piety under Makhleb
  5341 | D:7      | Found a glowing golden altar of the Shining One.
  5342 | D:7      | Found an opulent altar of Gozag.
  5342 | D:7      | Found an ancient bone altar of Kikubaaqudgha.
  5342 | D:7      | Found a shimmering altar of Xom.
  5344 | D:7      | Found a glowing silver altar of Zin.
  5642 | D:7      | Reached skill level 1 in Shields
  5887 | D:7      | Reached skill level 9 in Axes
  6014 | D:7      | Gained mutation: You passively map the area around you.
                  | [Deep Dwarf growth]
  6014 | D:7      | Reached XP level 9. HP: 49/80 MP: 9/9
  6028 | D:7      | Found a runed translucent door.
  6030 | D:7      | Found a runed translucent door.
  6030 | D:7      | Found a runed translucent door.
  6250 | D:7      | Reached skill level 1 in Throwing
  6285 | D:7      | Found a blossoming altar of Fedhas.
  6296 | D:7      | Reached skill level 5 in Fighting
  6362 | D:7      | Found the ring of Phasing {EV+8}
  6365 | D:7      | Found the +3 robe of Clouds {+Thunder rCloud rElec}
  6371 | D:7      | Reached **** piety under Makhleb
  6371 | D:7      | Reached skill level 10 in Axes
  6447 | D:7      | Identified the Almanac of Lethal Earth
  6455 | D:7      | Got a pitted marble ring
  6457 | D:7      | Identified the ring "Ucikhliawo" {*Contam rN+++ MP+9 Int+2
                  | Dex+4} (You found it on level 7 of the Dungeon)
  6463 | D:7      | Got a shimmering hat
  6469 | D:7      | Identified the cursed +0 hat of Icwiluam {rN+ MR+ Regen+}
                  | (You found it on level 7 of the Dungeon)
  6476 | D:7      | Got a smoking robe
  6491 | D:7      | Identified the +1 robe of the Trilobite {+Blink} (You found
                  | it on level 7 of the Dungeon)
  7031 | D:5      | Killed Jaiteiro's ghost
  7305 | D:8      | Reached skill level 11 in Axes
  7305 | D:8      | Reached XP level 10. HP: 83/91 MP: 10/10
  7551 | D:8      | Found a viscous altar of Jiyva.
  7983 | D:9      | Noticed a death yak
  7994 | D:9      | Noticed a death yak
  7995 | D:9      | Noticed a death yak
  8008 | D:9      | Killed a death yak
  8017 | D:9      | Killed a death yak
  8017 | D:9      | Reached skill level 12 in Axes
  8035 | D:9      | Killed a death yak
  8036 | D:9      | Found a staircase to the Lair.
  8081 | D:9      | Reached ***** piety under Makhleb
  8240 | D:9      | Noticed a two-headed ogre
  8251 | D:9      | Killed a two-headed ogre
  8251 | D:9      | Reached XP level 11. HP: 100/100 MP: 10/10
  8323 | D:9      | Reached skill level 5 in Shields
  8342 | D:9      | Found a shadowy altar of Dithmenos.
  8351 | D:9      | Reached skill level 13 in Axes
  8647 | Lair:1   | Entered Level 1 of the Lair of Beasts
  8684 | Lair:1   | Found a burning altar of Makhleb.
  8688 | Lair:1   | Identified a scroll of acquirement
  8689 | Lair:1   | Got a blackened large shield
  8700 | Lair:1   | Identified the +6 large shield of Wu Jian's Whim {rCorr
                  | Dex+2} (You acquired it on level 1 of the Lair of Beasts)
  8766 | Lair:1   | Found a dark tunnel.
  8786 | Volcano  | Entered a volcano
  8995 | Volcano  | Noticed a fire dragon
  9026 | Volcano  | Killed a fire dragon
  9737 | Lair:2   | Found a staircase to the Snake Pit.
  9768 | Lair:2   | Reached skill level 14 in Axes
  9950 | Lair:2   | Reached XP level 12. HP: 110/110 MP: 11/11
 10060 | Lair:2   | Noticed a five-headed hydra
 10069 | Lair:2   | Killed a one-headed hydra
 10161 | Lair:2   | Gained mutation: You are somewhat resistant to further
                  | mutation. [potion of mutation]
 10161 | Lair:2   | Gained mutation: Your muscles are strong. (Str +2) [potion
                  | of mutation]
 10860 | Lair:3   | Reached skill level 1 in Invocations
 11084 | Lair:3   | Reached skill level 1 in Evocations
 11170 | Lair:3   | Reached ****** piety under Makhleb
 11705 | Lair:4   | Noticed a death yak
 11707 | Lair:4   | Noticed a death yak
 11709 | Lair:4   | Noticed a death yak
 11710 | Lair:4   | Noticed a death yak
 11725 | Lair:4   | Killed a death yak
 11725 | Lair:4   | Reached skill level 15 in Axes
 11730 | Lair:4   | Killed a death yak
 11746 | Lair:4   | Killed a death yak
 11752 | Lair:4   | Killed a death yak
 11752 | Lair:4   | Reached XP level 13. HP: 79/118 MP: 15/15
 12104 | Lair:4   | You fall through a shaft for 2 floors!
 12104 | Lair:6   | Entered Level 6 of the Lair of Beasts
 12132 | Lair:6   | Found a hazy altar of Hepliaklqana.
 12146 | Lair:6   | Found a viscous altar of Jiyva.
 12150 | Lair:6   | Found a staircase to the Slime Pits.
 12331 | Lair:6   | Reached skill level 10 in Shields
 12335 | Lair:6   | Reached skill level 10 in Dodging
 12590 | Lair:6   | Reached skill level 16 in Axes
 12890 | Lair:6   | Got a scorched platinum ring
 12896 | Lair:6   | Identified the ring "Fioki" {Wiz *Contam rC+ MP+9 Str+4}
                  | (You found it on level 6 of the Lair of Beasts)
 13240 | Lair:5   | Gained mutation: You resist negative energy. (rN+) [Deep
                  | Dwarf growth]
 13240 | Lair:5   | Reached XP level 14. HP: 130/130 MP: 16/16
 13698 | Lair:5   | Reached skill level 10 in Fighting
 14638 | Lair:4   | Found a staircase to the Shoals.
 15077 | D:10     | Entered Level 10 of the Dungeon
 15198 | D:10     | Found a staircase to the Orcish Mines.
 15277 | Orc:1    | Entered Level 1 of the Orcish Mines
 15361 | Orc:2    | Entered Level 2 of the Orcish Mines
 15828 | Orc:2    | Slain by an orc warrior

Skill      XL: |  1  2  3  4  5  6  7  8  9 10 11 12 13 14 |
---------------+-------------------------------------------+-----
Stealth        | 3 4 5 6 7 8 9 |  9.2
Axes           | 4 5 6 7 9 11 12 14 15 16 | 16.7
Fighting       | 3 4 5 7 8 9 10 | 10.3
Armour         | 1 2 3 4 |  4.5
Dodging        | 4 5 6 7 8 9 10 11 | 11.5
Shields        | 2 3 4 7 9 11 12 | 12.8
Throwing       | 1 2 |  2.9
Invocations    | 4 |  4.0
Evocations     | 1 |  1.0

Action                   |  1- 3 |  4- 6 |  7- 9 | 10-12 | 13-15 || total
-------------------------+-------+-------+-------+-------+-------++-------
Melee: Hand axe          |   121 |   190 |   419 |    82 |    20 ||   832
       War axe           |       |       |   178 |   495 |   619 ||  1292
Throw: Javelin           |       |     3 |    10 |     3 |    18 ||    34
       Tomahawk          |       |       |     5 |    27 |     5 ||    37
Invok: Minor Destruction |       |       |       |    24 |       ||    24
 Abil: Heal Wounds       |     1 |     3 |     2 |     2 |       ||     8
Evoke: Wand              |       |       |       |    11 |       ||    11
  Use: Potion            |       |     2 |    10 |     2 |     2 ||    16
       Scroll            |       |       |     9 |     8 |       ||    17
 Stab: Sleeping          |    13 |     8 |     8 |    17 |    16 ||    62
       Distracted        |     1 |     1 |       |     1 |       ||     3
  Eat: Chunk             |     2 |     7 |    17 |    15 |    10 ||    51
       Ration            |       |       |     2 |       |     1 ||     3
Armor: Robe              |    19 |       |    11 |    40 |    55 ||   125
       Ring mail         |     2 |    44 |    21 |    11 |       ||    78
       Leather armour    |       |       |    86 |       |       ||    86
Dodge: Dodged            |    78 |   111 |   326 |   314 |   371 ||  1200
Block: Shield            |       |       |   143 |   104 |       ||   247
       Large shield      |       |       |       |   366 |   883 ||  1249
